 Dungeon Crawl Stone Soup version 0.27.1-15-g792fb953b9 (webtiles) character file.

Game seed: 785117484692915641

82 bearlyready the Ruffian (level 4, 0/36 HPs)
             Began as a Ghoul Warper on Nov 20, 2021.
             Slain by a kobold (3 damage)
             ... on level 4 of the Dungeon.
             The game lasted 00:02:39 (2183 turns).

bearlyready the Ruffian (Ghoul Warper)              Turns: 2183, Time: 00:02:40

Health: 0/36       AC:  5    Str: 15    XL:     4   Next: 43%
Magic:  14/14      EV:  9    Int:  8    God:
Gold:   69         SH:  2    Dex:  8    Spells: 6/6 levels left

rFire    . . .     SeeInvis .     - Unarmed
rCold    + . .     Faith    .   m - +0 buckler
rNeg     + + +     Spirit   .   n - +0 ring mail
rPois    ∞         Reflect  .   (no helmet)
rElec    .         Harm     .   (no cloak)
rCorr    .         Rampage  .   (no gloves)
Will     .....                  (no boots)
Stlth    ..........             (no amulet)
HPRegen  0.00/turn              g - ring of magical power
MPRegen  0.14/turn              (no ring)

@: inhibited regen
A: claws 1, cold resistance 1, negative energy resistance 3, inhibited
regeneration, torment resistance 2
a: no special abilities


You were on level 4 of the Dungeon.
You visited 1 branch of the dungeon, and saw 4 of its levels.

You collected 69 gold pieces.

Inventory:

Missiles
 c - 5 boomerangs of dispersal (quivered)
Armour
 a - a +0 leather armour
 m - a +0 buckler (worn)
 n - a +0 ring mail (worn)
Jewellery
 g - a ring of magical power (left claw)
Scrolls
 b - a scroll of blinking
 e - a scroll of teleportation {unknown}
 f - a scroll of identify {unknown}
 j - a scroll of amnesia {unknown}
 o - a scroll of silence {unknown}
Potions
 d - a potion of brilliance {unknown}
 h - a potion of mutation {unknown}
 i - 2 potions of heal wounds {unknown}
 k - 2 potions of curing {unknown}
 l - a potion of berserk rage {unknown}


   Skills:
 - Level 2.1 Fighting
 - Level 1.0 Throwing
 - Level 0.8 Armour
 - Level 1.7 Dodging
 + Level 4.9 Unarmed Combat
 - Level 1.7 Spellcasting
 - Level 2.6 Translocations


You had 6 spell levels left.
You didn't know any spells.
Your spell library contained the following spells:

 Spells                   Type           Power      Damage    Failure   Level
 Blink                    Tloc           N/A        N/A       52%         2
 Gell's Gravitas          Tloc           2%         N/A       77%         3
 Lesser Beckoning         Tloc           2%         N/A       77%         3
 Teleport Other           Tloc           5%         N/A       77%         3
 Manifold Assault         Tloc           5%         N/A       100%        5


Dungeon Overview and Level Annotations

Branches:
Dungeon (4/15)
 Temple: D:4-7

Altars:

Annotations:
D:3 Robin


Innate Abilities, Weirdness & Mutations

You thrive by killing the living.
You are immune to poison.
You have sharp fingernails.
Your flesh is cold resistant. (rC+)
You are immune to negative energy. (rN+++)
You do not regenerate when monsters are visible.
You are immune to unholy pain and torment.


Message History

Robin says, "Bow before me, strongest of all the hobgoblins!"
You scratch the goblin.
The goblin is severely wounded.
The goblin hits you with a +0 club. The goblin closely misses you.
Robin roars a battlecry!
The goblins go into a battle-frenzy!
You barely miss the goblin.
The goblin is severely wounded.
The goblin no longer looks unusually strong.
The goblin hits you with a +0 club.
* * * LOW HITPOINT WARNING * * *
The goblin hits you but does no damage.
You scratch the goblin.
You kill the goblin!
The goblin hits you with a +0 club.
* * * LOW HITPOINT WARNING * * *
You see here a +0 club.
The goblin closely misses you. Robin throws the goblin at you!
You scratch the goblin.
You kill the goblin!
The goblin closely misses you.
You see here a +0 dagger.
The goblin no longer looks unusually strong.
You see here an adder skeleton.
Robin roars a battlecry!
The goblin goes into a battle-frenzy!
Robin says, "A pitiful Ghoul like you will never find the ORB!"
The goblin no longer looks unusually strong.
There is a stone staircase leading down here.
You climb downwards.
You stumble into a teleport trap!
You are suddenly yanked towards some nearby monsters!
Your surroundings suddenly seem different.
A kobold comes into view. It is wielding a +0 club.
Found 19 gold pieces.
Found a stone staircase leading down.
The orc shouts! x2; The kobold shouts!
You hear a shout!
An endoplasm comes into view.
The endoplasm quivers.
The kobold hits you with a +0 club.
You die...

.##...........
.##.o.........
....o..o#.###.
### ........... .
#.. ...$........
... #.###.....$.
....##>J#....♣♣..
.......K.........
.##...@.......♣♣
##.##.......♣ #
..........
#..........
...........
##..........
##.........
.......


You could see 2 orcs, an endoplasm and a kobold.

Vanquished Creatures
  3 adders
  2 ball pythons
  3 endoplasms
  4 giant cockroaches
  13 goblins
  10 hobgoblins
  5 bats
  2 frilled lizards
  3 kobolds
  4 rats (D:2)
49 creatures vanquished.

Notes
Turn   | Place    | Note
-------+----------+-------------------------------------------
     0 | D:1      | bearlyready the Ghoul Warper began the quest for the Orb.
     0 | D:1      | Reached XP level 1. HP: 17/17 MP: 2/2
    33 | D:1      | Reached skill level 1 in Throwing
   185 | D:1      | Reached XP level 2. HP: 18/24 MP: 3/3
   187 | D:1      | Reached skill level 3 in Unarmed Combat
   894 | D:2      | Reached XP level 3. HP: 23/29 MP: 4/4
  1005 | D:2      | Reached skill level 4 in Unarmed Combat
  1114 | D:2      | Found a faded altar of an unknown god.
  1213 | D:2      | Noticed an ogre
  1796 | D:3      | Reached XP level 4. HP: 21/36 MP: 5/5
  2086 | D:3      | Noticed Robin
  2183 | D:4      | Slain by a kobold

Illustrated notes

Levels and vault maps discovered:
D:1:      dpeg_arrival_refuge, layout_rooms, minmay_misc_feat_room
D:2:      layout_basic, shapermc_ecumenical_altar_venn
D:3:      cheibrodos_helix_gallery, layout_basic, uniq_robin
D:4:      layout_cave_pools, chequers_garden, minmay_tree_intersection

Skill      XL: |  1  2  3 |
---------------+----------+-----
Throwing       | 1 |  1.0
Unarmed Combat | 3 4 |  4.9
Fighting       | |  2.1
Armour         | |  0.8
Dodging        | |  1.7
Spellcasting   | |  1.7
Translocations | |  2.6

Action                   |  1- 3 |  4- 6 || total
-------------------------+-------+-------++-------
Melee: Unarmed           |   130 |    30 ||   160
       Punch             |     2 |       ||     2
  Use: Potion            |     1 |       ||     1
Armor: Leather armour    |    32 |       ||    32
       Ring mail         |     1 |     9 ||    10
Dodge: Dodged            |    83 |    12 ||    95
Block: Buckler           |     1 |     2 ||     3
